 Dungeon Crawl Stone Soup version 0.18-b1-10-g3f7de93 (webtiles) character file.

499 dobroeutro the Cudgeler (level 7, -2/41 HPs)
             Began as a Gargoyle Fighter on Apr 29, 2016.
             Slain by dobroeutro's ghost (6 damage)
             ... on level 4 of the Dungeon.
             The game lasted 00:04:59 (3892 turns).

dobroeutro the Cudgeler (Gargoyle Fighter)          Turns: 3892, Time: 00:05:00

Health: -2/41      AC: 13    Str: 26    XL:     7   Next: 16%
Magic:  7/7        EV:  7    Int: 11    God:
Gold:   102        SH:  9    Dex: 10    Spells: 0 memorised, 6 levels left

rFire  . . .     SeeInvis +     a - +0 flail
rCold  . . .     Gourm    .     b - +0 scale mail
rNeg   + . .     Faith    .     c - +0 shield
rPois  ∞         Spirit   .     r - +0 hat {Int+3}
rElec  +         Dismiss  .     z - +0 cloak
rCorr  .         Reflect  .     (no gloves)
SustAt .         Harm     .     n - +0 pair of boots
MR     .....     Rnd*Tele +     (no amulet)
Stlth  ..........               A - ring of teleportation (curse)
                                w - ring of see invisible

@: mighty, not resistant to hostile enchantments, extremely unstealthy
A: negative energy resistance 1, electricity resistance, unbreathing,
petrification resistance, rot immunity, AC +4
a: no special abilities


You were on level 4 of the Dungeon.
You were very hungry.

You visited 1 branch of the dungeon, and saw 4 of its levels.

You collected 102 gold pieces.

Inventory:

Hand Weapons
 a - a +0 flail (weapon)
Armour
 b - a +0 scale mail (worn)
 c - a +0 shield (worn)
 n - a +0 pair of boots (worn)
 r - a +0 hat of intelligence (worn)
 z - a +0 cloak (worn)
Jewellery
 w - a ring of see invisible (left hand)
 A - a cursed ring of teleportation (right hand)
Scrolls
 e - a scroll of enchant weapon {unknown}
 i - 7 scrolls of identify {unknown}
 k - 3 scrolls of teleportation {unknown}
 m - 2 scrolls of fear {unknown}
 q - 2 scrolls of remove curse {unknown}
 s - a scroll of fog {unknown}
 u - a scroll of magic mapping {unknown}
 x - a scroll of enchant armour {unknown}
 y - a scroll of blinking {unknown}
Potions
 d - a potion of might
 h - 3 potions of curing
 j - 2 potions of magic
 l - a potion of brilliance {unknown}
 o - a potion of invisibility {unknown}
 p - a potion of lignification {unknown}
 t - 3 potions of heal wounds {unknown}
 v - 2 potions of agility {unknown}
Comestibles
 f - 3 bread rations
 g - 7 meat rations


   Skills:
 - Level 3.2 Fighting
 + Level 7.6 Maces & Flails
 - Level 3.2 Armour
 - Level 3.2 Shields


You had 6 spell levels left.
You didn't know any spells.

Dungeon Overview and Level Annotations

Branches:
Dungeon (4/15)
 Temple: D:4-7

Altars:
Fedhas
Qazlal

Annotations:
D:4 exclusion: oklob plant, dobroeutro's ghost, amateur GrFi


Innate Abilities, Weirdness & Mutations

You are resistant to torment.
Your stone body is resilient (AC +4).
You are immune to poison.
You resist negative energy.
You are resistant to electric shocks.
You can survive without breathing.
You are immune to petrification.
You are immune to rotting.


Message History

* * * LOW HITPOINT WARNING * * *
You hit dobroeutro's ghost but do no damage.
Dobroeutro's ghost is almost destroyed.
You block dobroeutro's ghost's attack.
Dobroeutro's ghost hits you but does no damage.
You hit dobroeutro's ghost but do no damage.
Dobroeutro's ghost is almost destroyed.
Dobroeutro's ghost makes a sound of rattling chains.
Dobroeutro's ghost closely misses you.
Your scale mail prevents you from hitting dobroeutro's ghost.
Dobroeutro's ghost is almost destroyed.
Dobroeutro's ghost whispers, "Trust me.
Just give in."
You block dobroeutro's ghost's attack.
You hit dobroeutro's ghost but do no damage.
Dobroeutro's ghost is almost destroyed.
You block dobroeutro's ghost's attack.
You closely miss dobroeutro's ghost.
Dobroeutro's ghost is almost destroyed.
Dobroeutro's ghost hits you.
You die...

###### #.# #....#
#.# #.##.# #.#
#.##.####.##
#.##.......#########
#.#####.............
#...# #>............
###W# ####.#########
#@# #.# ###
###.##### #.......#
######.......#
#............#
#.####.......# ##
######.# #########
P♣
♣#P.PP#.####PPPPP.#
#♣P


#P♣PP♣#.#PPPP#.PPP# You could see dobroeutro's ghost.

Vanquished Creatures
  2 ogres (D:4)
  An orc priest (D:3)
  Natasha (thrice) (D:2)
  2 orc wizards
  A worker ant (D:4)
  5 adders
  An ooze (D:2)
  An adder skeleton (D:4)
  A worm (D:3)
  6 dart slugs
  3 giant geckos
  13 orcs
  6 bats
  2 giant cockroaches
  4 goblins
  6 hobgoblins
  6 kobolds
  3 quokkas
  A giant gecko skeleton (D:4)
  3 giant newts
  7 rats
77 creatures vanquished.

Notes
Turn   | Place    | Note
--------------------------------------------------------------
     0 | D:1      | dobroeutro the Gargoyle Fighter began the quest for the Orb.
     0 | D:1      | Reached XP level 1. HP: 14/14 MP: 1/1
    34 | D:1      | Reached XP level 2. HP: 18/19 MP: 2/2
   137 | D:1      | Reached skill level 3 in Maces & Flails
   452 | D:1      | Reached XP level 3. HP: 23/23 MP: 3/3
   655 | D:2      | Noticed Natasha
   670 | D:2      | Killed Natasha
   670 | D:2      | Reached skill level 4 in Maces & Flails
  1108 | D:2      | Noticed Natasha
  1116 | D:2      | Killed Natasha
  1116 | D:2      | Reached XP level 4. HP: 28/28 MP: 4/4
  1239 | D:2      | Noticed Natasha
  1252 | D:2      | Killed Natasha
  1334 | D:2      | Reached skill level 5 in Maces & Flails
  1334 | D:2      | Reached XP level 5. HP: 31/32 MP: 5/5
  2418 | D:3      | Reached skill level 6 in Maces & Flails
  2693 | D:3      | Reached XP level 6. HP: 37/37 MP: 6/6
  2742 | D:3      | Found a stormy altar of Qazlal.
  2988 | D:4      | Found a blossoming altar of Fedhas.
  2998 | D:4      | Noticed an oklob plant
  3138 | D:4      | Reached skill level 7 in Maces & Flails
  3357 | D:4      | Noticed dobroeutro's ghost (amateur GrFi)
  3751 | D:4      | Reached XP level 7. HP: 24/41 MP: 7/7
  3892 | D:4      | Slain by dobroeutro's ghost

Skill      XL: |  1  2  3  4  5  6 |
---------------+-------------------+-----
Maces & Flails | 3 4 5 6 7 |  7.6
Fighting       | |  3.2
Armour         | |  3.2
Shields        | |  3.2

Action                   |  1- 3 |  4- 6 |  7- 9 || total
-------------------------+-------+-------+-------++-------
Melee: Flail             |    77 |   232 |    10 ||   319
  Use: Potion            |       |     3 |     2 ||     5
  Eat: Chunk             |       |     4 |       ||     4
       Bread ration      |       |     1 |       ||     1
Armor: Scale mail        |    40 |   124 |     3 ||   167
Dodge: Dodged            |    19 |    73 |     1 ||    93
Block: Shield            |    48 |   117 |     5 ||   170
